TOP OF THE 1ST |
West Virginia Power batting - Pitching for Kane County Cougars : RHP Chad Toms
|
Pitching: RHP Chad Toms
|
|
Batting: SHB Brad Day
|
0-0: Foul Ball, location: 2F 0-1: Swinging Strike 0-2: Foul Ball, location: 2F 0-2: Reached on error, E8 (Flyball, 8LM, EV 93.8 MPH)
|
Batting: RHB Ron Corn
|
0-0: Ball 1-0: Foul Ball, location: 2F 1-1: Ball 2-1: Foul Ball, location: 2F 2-2: SINGLE (Groundball, 3D, EV 95.0 MPH) Brad Day to second Runner from 2nd tries for 3rd, SAFE, throw by RF made to third Ron Corn to second
|
Batting: SHB Francisco Gutierrez
|
0-0: Ball 1-0: Ball 2-0: Called Strike 2-1: Foul Ball, location: 2F 2-2: SINGLE (Line Drive, 56D, EV 95.6 MPH) Brad Day scores Ron Corn to third Runner from 3rd tries for Home, SAFE, throw by LF to home
|
Batting: RHB Tom Primmer
|
0-0: Ball 1-0: Called Strike Francisco Gutierrez steals 2nd base 1-1: Ball 2-1: Ground out 5-3 (Groundball, 5, EV 106.2 MPH)
|
Batting: RHB Jordan Robinson
|
0-0: Called Strike 0-1: Reached on error, E4 (Groundball, 4, EV 88.1 MPH) Francisco Gutierrez to third
|
Batting: RHB Dennis Coppolino
|
0-0: Ball Jordan Robinson steals 2nd base 1-0: Ball 2-0: Foul Ball, location: 2F 2-1: Foul Ball, location: 2F 2-2: SINGLE (Groundball, 56D, EV 96.9 MPH) Francisco Gutierrez scores Jordan Robinson to third
|
Batting: RHB Alfredo Medrano
|
0-0: Foul Ball, location: 2F 0-1: Ball 1-1: Fielders Choice at 2nd, 6-4 (Groundball, 6, EV 84.4 MPH) Jordan Robinson scores
|
Batting: RHB John Beiswenger
|
0-0: Ball 1-0: Foul Ball, location: 2F 1-1: Called Strike 1-2: Ball 2-2: Ground out 4-3 (Groundball, 4, EV 86.9 MPH)
|
Top of the 1st over - 4 runs, 3 hits, 2 errors, 1 left on base; West Virginia 4 - Kane County 0 |
BOTTOM OF THE 1ST |
Kane County Cougars batting - Pitching for West Virginia Power : LHP Ryan Rakoff
|
Pitching: LHP Ryan Rakoff
|
|
Batting: LHB Willie Gutierrez
|
0-0: Called Strike 0-1: Ball 1-1: Called Strike 1-2: Strikes out swinging
|
Batting: RHB Franklin Villanueva
|
0-0: Foul Ball, location: 2F 0-1: Ball 1-1: Called Strike 1-2: Ball 2-2: Ball 3-2: Strikes out swinging
|
Batting: RHB Matt Maxwell
|
0-0: Swinging Strike 0-1: Foul Ball, location: 2F 0-2: Strikes out looking
|
Bottom of the 1st over - 0 runs, 0 hits, 0 errors, 0 left on base; West Virginia 4 - Kane County 0 |
TOP OF THE 2ND |
West Virginia Power batting - Pitching for Kane County Cougars : RHP Chad Toms
|
Batting: RHB Jesus Marquez
|
0-0: Ball 1-0: Ball 2-0: Foul Ball, location: 2F 2-1: Ground out 6-3 (Groundball, 6, EV 110.0 MPH)
|
Batting: SHB Brad Day
|
0-0: Called Strike 0-1: Foul Ball, location: 2F 0-2: Foul Ball, location: 2F 0-2: Foul Ball, location: 2F 0-2: Ball 1-2: Foul Ball, location: 2F 1-2: Foul Ball, location: 2F 1-2: Ball 2-2: Ground out 1-3 (Groundball, 15S, EV 67.5 MPH)
|
Batting: RHB Ron Corn
|
0-0: Ball 1-0: Ball 2-0: Foul Ball, location: 2F 2-1: Called Strike 2-2: Ball 3-2: Base on Balls
|
Batting: SHB Francisco Gutierrez
|
0-0: Ball 1-0: Called Strike Ron Corn steals 2nd base 1-1: Foul Ball, location: 2F 1-2: Strikes out swinging
|
Top of the 2nd over - 0 runs, 0 hits, 0 errors, 1 left on base; West Virginia 4 - Kane County 0 |
BOTTOM OF THE 2ND |
Kane County Cougars batting - Pitching for West Virginia Power : LHP Ryan Rakoff
|
Batting: RHB Marlon Reda
|
0-0: Called Strike 0-1: Ground out 4-3 (Groundball, 34, EV 101.9 MPH)
|
Batting: RHB John Pena
|
0-0: Fly out, F9 (Flyball, 9LS, EV 86.9 MPH)
|
Batting: RHB Wes Santiago
|
0-0: Ball 1-0: Called Strike 1-1: Called Strike 1-2: Ball 2-2: Ball 3-2: Foul Ball, location: 2F 3-2: Foul Ball, location: 2F 3-2: Foul Ball, location: 2F 3-2: Foul Ball, location: 2F 3-2: Strikes out swinging
|
Bottom of the 2nd over - 0 runs, 0 hits, 0 errors, 0 left on base; West Virginia 4 - Kane County 0 |
TOP OF THE 3RD |
West Virginia Power batting - Pitching for Kane County Cougars : RHP Chad Toms
|
Batting: RHB Tom Primmer
|
0-0: Ball 1-0: Ball 2-0: Foul Ball, location: 2F 2-1: Ball 3-1: Ground out 5-3 (Groundball, 5, EV 80.6 MPH)
|
Batting: RHB Jordan Robinson
|
0-0: Foul Ball, location: 2F 0-1: Ground out 4-3 (Groundball, 4, EV 105.0 MPH)
|
Batting: RHB Dennis Coppolino
|
0-0: Ball 1-0: Ball 2-0: Fly out, F9 (Flyball, 9D, EV 85.6 MPH)
|
Top of the 3rd over - 0 runs, 0 hits, 0 errors, 0 left on base; West Virginia 4 - Kane County 0 |
BOTTOM OF THE 3RD |
Kane County Cougars batting - Pitching for West Virginia Power : LHP Ryan Rakoff
|
Batting: RHB Jake Hodge
|
0-0: Called Strike 0-1: Ball 1-1: SINGLE (Groundball, 56D, EV 94.4 MPH)
|
Batting: LHB T.J. Duvall
|
0-0: 2-RUN HOME RUN (Flyball, 9LD, EV 98.1 MPH), Distance : 389 ft
|
Batting: LHB Brian Nielsen
|
0-0: Ball 1-0: Swinging Strike 1-1: Ball 2-1: Foul Ball, location: 2F 2-2: Foul Ball, location: 2F 2-2: Strikes out swinging
|
Batting: LHB Willie Gutierrez
|
0-0: Called Strike 0-1: Foul Ball, location: 2F 0-2: Ball 1-2: Foul Ball, location: 2F 1-2: Strikes out swinging
|
Batting: RHB Franklin Villanueva
|
0-0: Called Strike 0-1: Called Strike 0-2: Fly out, F4 (Popup, 13, EV 82.5 MPH)
|
Bottom of the 3rd over - 2 runs, 2 hits, 0 errors, 0 left on base; West Virginia 4 - Kane County 2 |
TOP OF THE 4TH |
West Virginia Power batting - Pitching for Kane County Cougars : RHP Chad Toms
|
Batting: RHB Alfredo Medrano
|
0-0: Ball 1-0: Ball 2-0: Ball 3-0: Base on Balls
|
Batting: RHB John Beiswenger
|
0-0: Reached on error, E6 (Groundball, 6, EV 90.0 MPH) Alfredo Medrano to second
|
Batting: RHB Jesus Marquez
|
0-0: Ball 1-0: Foul Ball, location: 2F 1-1: Fielders Choice at 2nd, 4-6 (Groundball, 34, EV 103.1 MPH) Alfredo Medrano to third
|
Batting: SHB Brad Day
|
0-0: Ball Jesus Marquez steals 2nd base 1-0: Ball 2-0: Swinging Strike 2-1: Fly out, F8 (Flyball, 8RD, EV 107.5 MPH) Runner from 3rd tags up, SCORES, throw by CF
|
Batting: RHB Ron Corn
|
0-0: Ball 1-0: Ball 2-0: Ball 3-0: Called Strike 3-1: Base on Balls
|
Batting: SHB Francisco Gutierrez
|
0-0: Ball 1-0: Fly out, F9 (Flyball, 9, EV 73.1 MPH)
|
Top of the 4th over - 1 run, 0 hits, 1 error, 2 left on base; West Virginia 5 - Kane County 2 |
BOTTOM OF THE 4TH |
Kane County Cougars batting - Pitching for West Virginia Power : LHP Ryan Rakoff
|
Batting: RHB Matt Maxwell
|
0-0: Ball 1-0: Ball 2-0: Fly out, F9 (Flyball, 9LM, EV 93.8 MPH)
|
Batting: RHB Marlon Reda
|
0-0: Called Strike 0-1: Swinging Strike 0-2: Ball 1-2: Strikes out swinging
|
Batting: RHB John Pena
|
0-0: Called Strike 0-1: Ground out 6-3 (Groundball, 6, EV 81.9 MPH)
|
Bottom of the 4th over - 0 runs, 0 hits, 0 errors, 0 left on base; West Virginia 5 - Kane County 2 |
TOP OF THE 5TH |
West Virginia Power batting - Pitching for Kane County Cougars : RHP Chad Toms
|
Batting: RHB Tom Primmer
|
0-0: Ball 1-0: Ball 2-0: Foul Ball, location: 2F 2-1: Fly out, F8 (Flyball, 8RS, EV 91.9 MPH)
|
Batting: RHB Jordan Robinson
|
0-0: Ground out 5-3 (Groundball, 56, EV 86.2 MPH)
|
Batting: RHB Dennis Coppolino
|
0-0: Foul Ball, location: 2F 0-1: Swinging Strike 0-2: Strikes out swinging, 2-3 out at first.
|
Top of the 5th over - 0 runs, 0 hits, 0 errors, 0 left on base; West Virginia 5 - Kane County 2 |
BOTTOM OF THE 5TH |
Kane County Cougars batting - Pitching for West Virginia Power : LHP Ryan Rakoff
|
Batting: RHB Wes Santiago
|
0-0: Ball 1-0: Called Strike 1-1: Called Strike 1-2: Foul Ball, location: 2F 1-2: Strikes out looking
|
Batting: RHB Jake Hodge
|
0-0: Swinging Strike 0-1: Ball 1-1: SINGLE (Groundball, 56D, EV 111.9 MPH)
|
Batting: LHB T.J. Duvall
|
0-0: Ball 1-0: Ball 2-0: Called Strike 2-1: Reached on error, E5 (Groundball, 56, EV 85.6 MPH) Jake Hodge to second
|
Batting: LHB Brian Nielsen
|
0-0: Ball 1-0: Reached on error, E6 (Groundball, 6M, EV 103.8 MPH) Jake Hodge to third T.J. Duvall to second
|
Batting: LHB Willie Gutierrez
|
0-0: Foul Ball, location: 2F 0-1: Ball 1-1: Ball 2-1: Ball 3-1: Foul Ball, location: 2F 3-2: Foul Ball, location: 2F 3-2: Foul Ball, location: 2F 3-2: Strikes out swinging
|
Batting: RHB Franklin Villanueva
|
0-0: Swinging Strike 0-1: Ball 1-1: Ground out 5-3 (Groundball, 56S, EV 88.8 MPH)
|
Bottom of the 5th over - 0 runs, 1 hit, 2 errors, 3 left on base; West Virginia 5 - Kane County 2 |
TOP OF THE 6TH |
West Virginia Power batting - Pitching for Kane County Cougars : RHP Chad Toms
|
Pitching: RHP Nate Bixler
|
|
Batting: RHB Alfredo Medrano
|
0-0: Ball 1-0: Ball 2-0: Ball 3-0: Base on Balls
|
Batting: RHB John Beiswenger
|
0-0: Ball 1-0: Called Strike 1-1: Swinging Strike 1-2: Foul Ball, location: 2F 1-2: Fly out, F7 (Flyball, 7, EV 83.8 MPH)
|
Batting: RHB Jesus Marquez
|
0-0: Ball 1-0: Fielders Choice at 2nd, 4-6 (Groundball, 4M, EV 94.4 MPH)
|
Batting: SHB Brad Day
|
0-0: Ball Jesus Marquez steals 2nd base 1-0: Ball 2-0: Ground out U3 (Groundball, 34S, EV 83.8 MPH)
|
Top of the 6th over - 0 runs, 0 hits, 0 errors, 1 left on base; West Virginia 5 - Kane County 2 |
BOTTOM OF THE 6TH |
Kane County Cougars batting - Pitching for West Virginia Power : LHP Ryan Rakoff
|
Batting: RHB Matt Maxwell
|
0-0: Ground out 5-3 (Groundball, 5S, EV 66.9 MPH)
|
Batting: RHB Marlon Reda
|
0-0: Ball 1-0: Foul Ball, location: 2F 1-1: Fly out, F9 (Flyball, 9, EV 91.2 MPH)
|
Batting: RHB John Pena
|
0-0: Ball 1-0: Fly out, F8 (Flyball, 8RM, EV 91.2 MPH)
|
Bottom of the 6th over - 0 runs, 0 hits, 0 errors, 0 left on base; West Virginia 5 - Kane County 2 |
TOP OF THE 7TH |
West Virginia Power batting - Pitching for Kane County Cougars : RHP Nate Bixler
|
Pitching: RHP Mike Cain
|
|
Batting: RHB Ron Corn
|
0-0: Ball 1-0: Swinging Strike 1-1: DOUBLE (Groundball, 5L, EV 109.4 MPH)
|
Batting: SHB Francisco Gutierrez
|
0-0: Intentional Walk
|
Batting: RHB Tom Primmer
|
0-0: Ball 1-0: Called Strike Ron Corn steals 3rd base 1-1: Ball 2-1: Ball 3-1: Swinging Strike 3-2: Strikes out looking
|
Batting: RHB Jordan Robinson
|
0-0: Ball Francisco Gutierrez steals 2nd base (no throw) 1-0: Ground out 6-3 (Groundball, 6, EV 90.0 MPH) Ron Corn scores Francisco Gutierrez to third
|
Batting: RHB Dennis Coppolino
|
0-0: Foul Ball, location: 2F 0-1: Ball 1-1: Ball 2-1: Foul Ball, location: 2F 2-2: Ball 3-2: Foul Ball, location: 2F 3-2: Foul Ball, location: 2F 3-2: Base on Balls
|
Batting: RHB Alfredo Medrano
|
0-0: Ball 1-0: Swinging Strike 1-1: Ball 2-1: Foul Ball, location: 2F 2-2: Hit by Pitch Dennis Coppolino to second
|
Pitching: LHP Wibawa Simbolon
|
|
Batting: RHB John Beiswenger
|
0-0: Ball 1-0: Fielders Choice at 2nd, U4 (Groundball, 4M, EV 85.6 MPH)
|
Top of the 7th over - 1 run, 1 hit, 0 errors, 3 left on base; West Virginia 6 - Kane County 2 |
BOTTOM OF THE 7TH |
Kane County Cougars batting - Pitching for West Virginia Power : LHP Ryan Rakoff
|
Batting: RHB Wes Santiago
|
0-0: Called Strike 0-1: Foul Ball, location: 2F 0-2: Foul Ball, location: 2F 0-2: Ground out U3 (Groundball, 34, EV 100.6 MPH)
|
Batting: RHB Jake Hodge
|
0-0: Ball 1-0: Foul Ball, location: 2F 1-1: SINGLE (Line Drive, 9S, EV 96.9 MPH)
|
Batting: LHB T.J. Duvall
|
0-0: Called Strike 0-1: Ball 1-1: Foul Ball, location: 2F 1-2: Foul Ball, location: 2F 1-2: Foul Ball, location: 2F 1-2: Ball 2-2: Strikes out swinging
|
Batting: LHB Brian Nielsen
|
0-0: Ball 1-0: Foul Ball, location: 2F 1-1: Foul Ball, location: 2F 1-2: SINGLE (Groundball, 56D, EV 97.5 MPH) Jake Hodge to second
|
Pitching: RHP Jason Cobb
|
|
Batting: LHB Willie Gutierrez
|
0-0: Called Strike 0-1: Foul Ball, location: 2F 0-2: Foul Ball, location: 2F 0-2: Foul Ball, location: 2F 0-2: Ball 1-2: Ball 2-2: Ground out U3 (Groundball, 3, EV 78.8 MPH)
|
Bottom of the 7th over - 0 runs, 2 hits, 0 errors, 2 left on base; West Virginia 6 - Kane County 2 |
TOP OF THE 8TH |
West Virginia Power batting - Pitching for Kane County Cougars : LHP Wibawa Simbolon
|
Batting: RHB Jesus Marquez
|
0-0: Ground out 5-3 (Groundball, 56S, EV 78.8 MPH)
|
Batting: SHB Brad Day
|
0-0: Ball 1-0: Called Strike 1-1: Foul Ball, location: 2F 1-2: SINGLE (Groundball, 25, EV 68.8 MPH) (infield hit)
|
Batting: RHB Ron Corn
|
0-0: Called Strike 0-1: Ball Wild Pitch! Brad Day to second 1-1: Foul Ball, location: 2F 1-2: Strikes out looking
|
Batting: SHB Francisco Gutierrez
|
0-0: Swinging Strike 0-1: Foul Ball, location: 2F 0-2: Ball 1-2: Ball 2-2: Strikes out looking
|
Top of the 8th over - 0 runs, 1 hit, 0 errors, 1 left on base; West Virginia 6 - Kane County 2 |
BOTTOM OF THE 8TH |
Kane County Cougars batting - Pitching for West Virginia Power : RHP Jason Cobb
|
Batting: RHB Franklin Villanueva
|
0-0: Called Strike 0-1: Ball 1-1: Foul Ball, location: 2F 1-2: Foul Ball, location: 2F 1-2: Ball 2-2: Ball 3-2: Base on Balls
|
Batting: RHB Matt Maxwell
|
0-0: Ball 1-0: Foul Ball, location: 2F 1-1: Ball 2-1: Foul Ball, location: 2F 2-2: Foul Ball, location: 2F 2-2: Strikes out swinging
|
Batting: RHB Marlon Reda
|
0-0: Called Strike 0-1: Ball 1-1: Fly out, F8 (Flyball, 89D, EV 83.8 MPH)
|
Batting: RHB John Pena
|
0-0: Called Strike 0-1: Fly out, F8 (Flyball, 8LXD, EV 90.0 MPH)
|
Bottom of the 8th over - 0 runs, 0 hits, 0 errors, 1 left on base; West Virginia 6 - Kane County 2 |
TOP OF THE 9TH |
West Virginia Power batting - Pitching for Kane County Cougars : LHP Wibawa Simbolon
|
Batting: RHB Tom Primmer
|
0-0: Swinging Strike 0-1: Swinging Strike 0-2: Ground out 5-3 (Groundball, 56, EV 93.8 MPH)
|
Batting: RHB Jordan Robinson
|
0-0: Ball 1-0: Foul Ball, location: 2F 1-1: Swinging Strike 1-2: Ball 2-2: Strikes out swinging
|
Batting: RHB Dennis Coppolino
|
0-0: Foul Ball, location: 2F 0-1: Ball 1-1: Ball 2-1: Ball 3-1: Foul Ball, location: 2F 3-2: SINGLE (Groundball, 56D, EV 95.0 MPH)
|
Batting: RHB Alfredo Medrano
|
0-0: Ball 1-0: Ball 2-0: Ball 3-0: Base on Balls Dennis Coppolino to second
|
Batting: RHB John Beiswenger
|
0-0: Ball 1-0: Fielders Choice at 2nd, 6-4 (Groundball, 6, EV 90.6 MPH)
|
Top of the 9th over - 0 runs, 1 hit, 0 errors, 2 left on base; West Virginia 6 - Kane County 2 |
BOTTOM OF THE 9TH |
Kane County Cougars batting - Pitching for West Virginia Power : RHP Jason Cobb
|
Pitching: RHP R.J. Barr
|
|
Batting: RHB Wes Santiago
|
0-0: Foul Ball, location: 2F 0-1: Ball 1-1: Foul Ball, location: 2F 1-2: Ball 2-2: Foul Ball, location: 2F 2-2: Strikes out looking
|
Batting: RHB Jake Hodge
|
0-0: Called Strike 0-1: Ball 1-1: Called Strike 1-2: Reached on error, E4 (Groundball, 4, EV 83.8 MPH)
|
Batting: LHB T.J. Duvall
|
0-0: Swinging Strike 0-1: Ground out 5-3 (Groundball, 5, EV 81.9 MPH)
|
Batting: LHB Brian Nielsen
|
0-0: Ball 1-0: Ball 2-0: Foul Ball, location: 2F 2-1: Foul Ball, location: 2F 2-2: SINGLE (Groundball, 6S, EV 68.1 MPH) (infield hit) Jake Hodge to third
|
Pitching: RHP Troy Conners
|
|
Batting: LHB Willie Gutierrez
|
0-0: Ball 1-0: Foul Ball, location: 2F 1-1: Ball 2-1: Ball 3-1: Fly out, F8 (Flyball, 78M, EV 80.6 MPH)
|
Bottom of the 9th over - 0 runs, 1 hit, 1 error, 2 left on base; West Virginia 6 - Kane County 2 |
|